 Dungeon Crawl Stone Soup version 0.19-a0-82-gd3566c2 (webtiles) character file.

54862 Duffy the Grappler (level 14, 0/133 HPs)
             Began as a Troll Fighter on May 14, 2016.
             Was the Champion of Cheibriados.
             Slain by a 14-headed hydra (16 damage)
             ... on level 5 of the Lair of Beasts.
             The game lasted 00:33:29 (17788 turns).

Duffy the Grappler (Troll Fighter)                 Turns: 17788, Time: 00:33:30

Health: 0/133      AC: 13    Str: 44    XL:     14   Next: 36%
Magic:  19/19      EV: 16    Int: 20    God:    Cheibriados [******]
Gold:   1232       SH: 19    Dex: 25    Spells: 3 memorised, 13 levels left

rFire  . . .     SeeInvis .       - Unarmed
rCold  + . .     Gourm    +     V - +2 robe {rC+}
rNeg   . . .     Faith    .     b - +0 shield
rPois  .         Spirit   .     a - +1 hat {MR+}
rElec  .         Dismiss  .     L - +1 cloak {+Inv}
rCorr  .         Reflect  +     (gloves unavailable)
SustAt .         Harm     .     (boots unavailable)
MR     ++...                    e - +4 amulet of reflection
Stlth  ++........               y - +3 ring of protection
                                E - +2 ring of evasion

@: very slow, very resistant to hostile enchantments, unstealthy
A: unfitting armour, claws 3, fast metabolism 3, gourmand, regeneration 2,
shaggy fur 1, tough skin 2
a: Bend Time, Temporal Distortion, Slouch, Step From Time, Renounce Religion,
Evoke Invisibility


You were on level 5 of the Lair of Beasts.
You worshipped Cheibriados.
Cheibriados was exalted by your worship.
You were very full.

You visited 2 branches of the dungeon, and saw 19 of its levels.
You also visited: Labyrinth, Ice Cave and Volcano.

You collected 1646 gold pieces.
You spent 414 gold pieces at shops.


Innate Abilities, Weirdness & Mutations

You are too large for most types of armour.
You have claws for hands.
Your metabolism is lightning-fast.
You like to eat raw meat.
You heal very quickly.
You are covered in fur (AC +1).
You have very tough skin (AC +2).


   Skills:
 - Level 7.0 Fighting
 - Level 5.0 Dodging
 - Level 9.0 Shields
 - Level 10.5 Unarmed Combat
 + Level 4.2 Spellcasting
 * Level 7.8 Transmutations
 * Level 9.3 Earth Magic
 - Level 8.0 Invocations
 - Level 5.0 Evocations


You had 13 spell levels left.
You knew the following spells:

 Your Spells              Type           Power        Failure   Level  Hunger
a - Statue Form           Trmt/Erth      #####....    63%         6    #######
b - Apportation           Tloc           #.........   14%         1    None
c - Animate Skeleton      Necr           N/A          14%         1    None

Inventory:

Missiles
 g - 4 large rocks (quivered)
 j - 20 tomahawks
 m - 65 poisoned needles
 u - 4 throwing nets
Armour
 a - a +1 hat of magic resistance (worn)
 b - a +0 shield (worn)
 L - a +1 cloak of invisibility (worn)
 Q - an ice dragon hide
 S - a troll hide
 V - a +2 robe of cold resistance (worn)
Jewellery
 e - a +4 amulet of reflection (around neck)
 r - an uncursed ring of resist corrosion
 s - an uncursed ring of protection from cold
 y - a +3 ring of protection (right claw)
 D - an uncursed amulet of regeneration
 E - a +2 ring of evasion (left claw)
 O - an uncursed ring of protection from magic
 U - an uncursed ring of see invisible
Wands
 h - a wand of confusion (20/48)
 l - a wand of iceblast (7/15)
 C - a wand of disintegration (19/24)
 Z - a wand of lightning (2/15)
Scrolls
 o - 4 scrolls of remove curse
 p - 2 scrolls of noise {unknown}
 q - 3 scrolls of fog
 v - 5 scrolls of recharging
 w - a scroll of blinking
 F - 2 scrolls of amnesia {unknown}
 K - 2 scrolls of immolation {unknown}
 N - a scroll of summoning {unknown}
 P - 2 scrolls of teleportation
 R - a scroll of brand weapon {unknown}
 W - 3 scrolls of magic mapping
Potions
 c - 4 potions of might
 f - 5 potions of heal wounds
 i - 7 potions of curing
 x - a potion of magic
 z - 5 potions of ambrosia
 B - 2 potions of flight
 G - 2 potions of brilliance
 I - 4 potions of agility
 J - 4 potions of cancellation
 T - a potion of resistance {unknown}
 X - a potion of berserk rage {unknown}
 Y - a potion of degeneration {unknown}
Comestibles
 d - 11 bread rations
 k - 2 slices of pizza
 n - 6 meat rations
 t - 13 fruits
 A - 4 beef jerkies
 M - 10 royal jellies

Dungeon Overview and Level Annotations

Branches:
Dungeon (14/15)            Temple (0/1) D:6            Lair (5/8) D:8
  Swamp (0/4) Lair:3        Snake (0/4) Lair:5          Orc (0/2) D:10
 Vaults: D:13-14

Altars:
Cheibriados
Elyvilon
Fedhas
Kikubaaqudgha
Makhleb
Nemelex Xobeh
Pakellas
Qazlal
Sif Muna
Trog
Vehumet
Zin

Shops:
D:5 **   D:9 *

Annotations:
D:12 exclusion: hydra
D:13 1 exclusion


Message History

The 14-headed hydra bites you! The 14-headed hydra bites you.
You block the 14-headed hydra's attack. The 14-headed hydra barely misses you.
The 14-headed hydra completely misses you.
The 14-headed hydra bites you. The 14-headed hydra closely misses you.
You block the 14-headed hydra's attack. The 14-headed hydra barely misses you.
The 14-headed hydra closely misses you.
You block the 14-headed hydra's attack. x2
The 14-headed hydra bites you! You block the 14-headed hydra's attack.
Throwing (i - inventory. (,) - cycle):
g - 6 large rocks (quivered)
Press: ? - help, Shift-Dir - straight line, f/p - 14-headed hydra
Aim: a 14-headed hydra (lightly wounded)
You throw a large rock.
The large rock hits the 14-headed hydra!!
The 14-headed hydra is heavily wounded.
You block the 14-headed hydra's attack. The 14-headed hydra misses you.
The 14-headed hydra barely misses you. The 14-headed hydra bites you.
The 14-headed hydra bites you but does no damage. x2
The 14-headed hydra bites you!
You block the 14-headed hydra's attack. x2
The 14-headed hydra misses you. The 14-headed hydra bites you!
The 14-headed hydra bites you.
The 14-headed hydra bites you but does no damage.
The 14-headed hydra bites you. The 14-headed hydra bites you!
The 14-headed hydra bites you. The 14-headed hydra barely misses you.
You block the 14-headed hydra's attack. The 14-headed hydra bites you.
You block the 14-headed hydra's attack. The 14-headed hydra misses you.
The 14-headed hydra completely misses you.
The 14-headed hydra closely misses you. x2
You block the 14-headed hydra's attack.
The 14-headed hydra bites you but does no damage.
The 14-headed hydra closely misses you. The 14-headed hydra misses you.
Throwing (i - inventory. (,) - cycle):
g - 5 large rocks (quivered)
Press: ? - help, Shift-Dir - straight line, f/p - 14-headed hydra
Aim: a 14-headed hydra (heavily wounded)
You throw a large rock.
The large rock hits the 14-headed hydra!!
The 14-headed hydra is almost dead.
You block the 14-headed hydra's attack. The 14-headed hydra bites you.
You block the 14-headed hydra's attack. The 14-headed hydra barely misses you.
The 14-headed hydra bites you but does no damage.
You block the 14-headed hydra's attack. The 14-headed hydra closely misses you.
You block the 14-headed hydra's attack.
The 14-headed hydra bites you but does no damage.
The 14-headed hydra misses you. The 14-headed hydra bites you!
The 14-headed hydra bites you. The 14-headed hydra bites you!
You block the 14-headed hydra's attack. The 14-headed hydra misses you.
The 14-headed hydra bites you but does no damage.
The 14-headed hydra bites you!
The 14-headed hydra bites you but does no damage.
The 14-headed hydra bites you! The 14-headed hydra misses you.
You block the 14-headed hydra's attack. The 14-headed hydra bites you!
You die...

#...# ##..# ....##
.....# #....###
##.....# ##...## ######
#..#.# #####.#..#
#..#####......@[##
###..##......D..P#
#P........~(~~~..#
###........~~~~~~~....
#..#......~~~.P~~~~P#.#
#.#......~~(P....~~~~~#
##.......~~....~..~~###
###.......~~~..>...~~#
#.#.......~~..~.PP.~~~


You could see a 14-headed hydra.

Action                   |  1- 3 |  4- 6 |  7- 9 | 10-12 | 13-15 || total
-------------------------+-------+-------+-------+-------+-------++-------
Melee: Unarmed           |    97 |   161 |   204 |   720 |   611 ||  1793
Throw: Large rock        |       |       |       |       |    13 ||    13
       Tomahawk          |       |       |       |       |     2 ||     2
 Cast: Statue Form       |       |       |       |       |     1 ||     1
Invok: Slouch            |       |       |       |       |     2 ||     2
       Temporal Distorti |       |       |       |       |     1 ||     1
 Abil: Evoke Invisibilit |       |       |       |       |     1 ||     1
Evoke: Wand              |       |       |       |     1 |     4 ||     5
  Use: Scroll            |       |     1 |     6 |    10 |     4 ||    21
       Potion            |       |       |     1 |     2 |     1 ||     4
 Stab: Sleeping          |     1 |     1 |     1 |    11 |     3 ||    17
       Distracted        |       |       |       |     4 |       ||     4
       Invisible         |       |       |       |       |     5 ||     5
  Eat: Chunk             |    13 |    17 |    14 |    45 |    42 ||   131
Armor: Robe              |    19 |    28 |    21 |    66 |   105 ||   239
       Skin              |       |       |       |    18 |     1 ||    19
Dodge: Dodged            |    14 |    35 |    39 |   192 |   265 ||   545
Block: Shield            |    67 |   115 |   124 |   591 |   576 ||  1473
       Reflection        |       |     3 |    14 |    14 |    10 ||    41

Notes
Turn   | Place    | Note
--------------------------------------------------------------
     0 | D:1      | Duffy the Troll Fighter began the quest for the Orb.
     0 | D:1      | Reached XP level 1. HP: 22/22 MP: 0/0
    17 | D:1      | Reached XP level 2. HP: 29/29 MP: 1/1
   489 | D:2      | Reached XP level 3. HP: 36/36 MP: 2/2
   521 | D:2      | Reached skill level 3 in Shields
   534 | D:2      | Found a white marble altar of Elyvilon.
   587 | D:2      | Reached skill level 3 in Unarmed Combat
   851 | D:2      | Reached XP level 4. HP: 44/44 MP: 3/3
   963 | D:2      | Found a bloodstained altar of Trog.
   969 | D:2      | Found a stormy altar of Qazlal.
   972 | D:2      | Found a deep blue altar of Sif Muna.
   975 | D:2      | Found a snail-covered altar of Cheibriados.
   979 | D:2      | Became a worshipper of Cheibriados the Contemplative
  1483 | D:3      | Found an oddly glowing altar of Pakellas.
  1795 | D:3      | Reached * piety under Cheibriados
  1886 | D:3      | Reached XP level 5. HP: 48/50 MP: 4/4
  2127 | D:4      | Noticed Duvessa
  2128 | D:4      | Noticed Dowan
  2157 | D:4      | Killed Dowan
  2157 | D:4      | Reached skill level 4 in Shields
  2157 | D:4      | Reached skill level 4 in Unarmed Combat
  2187 | D:5      | Entered Level 5 of the Dungeon
  2187 | D:5      | Noticed Sigmund
  2299 | D:4      | Reached XP level 6. HP: 54/59 MP: 5/5
  2619 | D:4      | Reached ** piety under Cheibriados
  2643 | D:4      | Found a blossoming altar of Fedhas.
  2686 | D:5      | Found Baij's Bounteous Boutique.
  2689 | D:5      | Bought a scroll of blinking for 75 gold pieces
  2715 | D:5      | Reached skill level 5 in Unarmed Combat
  2892 | D:6      | Reached skill level 5 in Shields
  2892 | D:6      | Reached XP level 7. HP: 63/66 MP: 6/6
  2996 | D:6      | Noticed Prince Ribbit
  3035 | D:6      | Reached skill level 6 in Unarmed Combat
  3158 | D:6      | Noticed a centaur warrior
  3176 | D:6      | Killed a centaur warrior
  3176 | D:6      | Reached skill level 6 in Shields
  3176 | D:6      | Reached skill level 7 in Unarmed Combat
  3176 | D:6      | Reached XP level 8. HP: 35/74 MP: 7/7
  3384 | D:6      | Reached skill level 8 in Unarmed Combat
  3388 | D:6      | Reached *** piety under Cheibriados
  3392 | D:6      | Reached skill level 7 in Shields
  3479 | D:6      | Found a staircase to the Ecumenical Temple.
  3535 | D:6      | Killed Prince Ribbit
  3748 | D:5      | Reached XP level 9. HP: 80/80 MP: 8/8
  3763 | D:5      | Found a radiant altar of Vehumet.
  3764 | D:5      | Found a burning altar of Makhleb.
  3792 | D:5      | Noticed Lugonue's ghost (novice MiFi)
  3796 | D:5      | Found Wait Nybb's General Store.
  3801 | D:5      | Killed Lugonue's ghost
  3801 | D:5      | Reached skill level 9 in Unarmed Combat
  3858 | D:5      | Killed Sigmund
  3882 | D:5      | Reached skill level 8 in Shields
  3925 | D:5      | Bought a potion of lignification for 30 gold pieces
  3925 | D:5      | Bought a scroll of identify for 20 gold pieces
  3931 | D:5      | Found a sparkling altar of Nemelex Xobeh.
  3936 | D:5      | Reached **** piety under Cheibriados
  4317 | D:4      | Noticed Pikel
  4323 | D:4      | Killed Duvessa
  4328 | D:4      | Killed Pikel
  4328 | D:4      | Reached skill level 10 in Unarmed Combat
  4824 | D:7      | Found a glowing silver altar of Zin.
  5033 | D:7      | Found an ancient bone altar of Kikubaaqudgha.
  5196 | D:7      | Reached XP level 10. HP: 87/88 MP: 9/9
  5206 | D:7      | Reached skill level 9 in Shields
  5585 | D:8      | Noticed Duffy's ghost (novice HOFi)
  5595 | D:8      | Killed Duffy's ghost
  5595 | D:8      | Reached skill level 3 in Fighting
  5595 | D:8      | Reached skill level 3 in Dodging
  5617 | D:8      | Reached ***** piety under Cheibriados
  5727 | D:8      | Noticed Maurice
  5740 | D:8      | Killed Maurice
  5740 | D:8      | Reached skill level 4 in Fighting
  5740 | D:8      | Reached skill level 4 in Dodging
  6182 | D:8      | Found a staircase to the Lair.
  6192 | D:8      | Reached skill level 5 in Fighting
  6192 | D:8      | Reached skill level 5 in Dodging
  6594 | D:9      | Reached skill level 1 in Invocations
  6651 | D:9      | Reached skill level 1 in Evocations
  6701 | D:9      | Found Nisix's General Store.
  6704 | D:9      | Bought a scroll of magic mapping for 52 gold pieces
  6704 | D:9      | Bought a scroll of enchant armour for 112 gold pieces
  6704 | D:9      | Bought a throwing net for 45 gold pieces
  6903 | D:9      | Reached skill level 2 in Invocations
  6963 | D:9      | Paralysed by a wasp for 1 turns
  7406 | D:10     | Entered Level 10 of the Dungeon
  7468 | D:10     | Reached skill level 2 in Evocations
  7473 | D:10     | Reached XP level 11. HP: 102/102 MP: 10/12
  7510 | D:10     | Found a staircase to the Orcish Mines.
  7511 | D:10     | Noticed a hill giant
  7522 | D:10     | Killed a hill giant
  7522 | D:10     | Reached skill level 3 in Invocations
  7529 | D:10     | Reached ****** piety under Cheibriados
  7711 | D:10     | Reached skill level 3 in Evocations
  7713 | D:10     | Reached skill level 4 in Invocations
  7727 | D:10     | Noticed a hill giant
  7733 | D:10     | Killed a hill giant
  7879 | D:10     | Noticed a hill giant
  7886 | D:10     | Killed a hill giant
  8050 | D:11     | Reached skill level 5 in Invocations
  8050 | D:11     | Reached skill level 4 in Evocations
  8183 | D:11     | Found a frozen archway.
  8255 | IceCv    | Entered an ice cave
  8466 | IceCv    | Reached skill level 6 in Invocations
  8466 | IceCv    | Reached skill level 5 in Evocations
  8566 | IceCv    | Noticed an ice dragon
  8568 | IceCv    | Noticed an ice dragon
  8579 | IceCv    | Killed an ice dragon
  8585 | IceCv    | Killed an ice dragon
  8648 | IceCv    | Got a twitching bone ring
  8650 | IceCv    | Identified the ring "Jephuzea" {Ice -Tele Fragile +Inv MP+9} (You found it in an ice cave)
  9218 | D:11     | Reached skill level 7 in Invocations
  9264 | D:11     | Noticed a centaur warrior
  9271 | D:11     | Killed a centaur warrior
  9271 | D:11     | Reached skill level 6 in Fighting
  9271 | D:11     | Reached XP level 12. HP: 102/114 MP: 16/16
  9589 | D:12     | Found a labyrinth entrance.
  9598 | Lab      | Entered a labyrinth
 10054 | Lab      | Noticed a minotaur
 10060 | Lab      | Killed a minotaur
 10107 | Lab      | Identified the Almanac of the Earthen Arsonist (You found it in a labyrinth)
 10107 | Lab      | Identified the Collected Works on Creative Flames (You found it in a labyrinth)
 10117 | Lab      | Learned a level 6 spell: Statue Form
 10176 | D:12     | Noticed an eight-headed hydra
 10219 | D:12     | Reached skill level 8 in Invocations
 10330 | D:12     | Reached skill level 7 in Fighting
 10504 | Lair:1   | Entered Level 1 of the Lair of Beasts
 10547 | Lair:1   | Reached skill level 1 in Transmutations
 10560 | Lair:1   | You fall through a shaft!
 10575 | Lair:2   | Reached skill level 1 in Earth Magic
 10747 | Lair:2   | Reached skill level 2 in Earth Magic
 10776 | Lair:2   | Found a dark tunnel.
 10803 | Volcano  | Entered a volcano
 10821 | Volcano  | Reached skill level 2 in Transmutations
 10871 | Volcano  | Reached skill level 1 in Spellcasting
 10901 | Volcano  | Reached skill level 3 in Earth Magic
 11048 | Volcano  | Reached skill level 3 in Transmutations
 11068 | Volcano  | Reached skill level 4 in Earth Magic
 11107 | Volcano  | Noticed a fire dragon
 11118 | Volcano  | Killed a fire dragon
 11520 | Lair:1   | Reached skill level 2 in Spellcasting
 11745 | Lair:1   | Reached skill level 4 in Transmutations
 11745 | Lair:1   | Reached skill level 5 in Earth Magic
 11806 | Lair:1   | Learned a level 1 spell: Apportation
 11810 | Lair:1   | Learned a level 1 spell: Animate Skeleton
 11819 | Lair:1   | Reached XP level 13. HP: 101/124 MP: 18/18
 11936 | Lair:1   | Noticed Fannar
 11944 | Lair:1   | Killed Fannar
 12210 | Lair:1   | Noticed Gastronok
 12236 | Lair:1   | Killed Gastronok
 12913 | D:5      | Bought 2 potions of brilliance for 80 gold pieces
 13128 | Lair:2   | Reached skill level 6 in Earth Magic
 13213 | Lair:2   | You fall through a shaft for 2 floors!
 13275 | Lair:4   | Noticed Josephine
 13281 | Lair:4   | Reached skill level 5 in Transmutations
 13316 | Lair:4   | Killed Josephine
 13958 | Lair:2   | Reached skill level 3 in Spellcasting
 14815 | D:13     | Reached skill level 6 in Transmutations
 14815 | D:13     | Reached skill level 7 in Earth Magic
 15607 | Lair:3   | Got a fine bone ring
 15609 | Lair:3   | Identified the ring "Hutit" {*Tele rPois} (You found it on level 3 of the Lair of Beasts)
 15660 | Lair:3   | Reached skill level 8 in Earth Magic
 15888 | Lair:3   | Found a staircase to the Swamp.
 16036 | Lair:3   | Reached XP level 14. HP: 133/133 MP: 19/19
 16153 | Lair:3   | Reached skill level 7 in Transmutations
 17059 | Lair:4   | Reached skill level 4 in Spellcasting
 17458 | Lair:5   | Reached skill level 9 in Earth Magic
 17664 | Lair:5   | Found a staircase to the Snake Pit.
 17788 | Lair:5   | Slain by a 14-headed hydra

Skill      XL: |  1  2  3  4  5  6  7  8  9 10 11 12 13 14 |
---------------+-------------------------------------------+-----
Shields        | 3 4 5 6 7 8 9 |  9.0
Unarmed Combat | 3 4 5 7 8 10 | 10.5
Fighting       | 5 6 7 |  7.0
Dodging        | 5 |  5.0
Invocations    | 2 7 8 |  8.0
Evocations     | 2 5 |  5.0
Transmutations | 4 6 7 |  7.8
Earth Magic    | 5 8 9 |  9.3
Spellcasting   | 2 3 4 |  4.2

Vault maps used:
D:1:      ncdulo_watergridlock
D:2:      elyvilon_altar_1, grunt_temple_overflow_cloverleaf, first_bread
D:3:      grunt_pakellas_salt
D:4:      fedhas_altar_4, uniq_duvessa, uniq_pikel
D:5:      grunt_temple_overflow_lords_of_destruction, lemuel_crystal_altar,
          serial_shops, shop, enter_ossuary_4, nicolae_alphabet_shops,
          uniq_sigmund
D:6:      minmay_temple_entry_glass, uniq_prince_ribbit1
D:7:      overflow_temple_1_default, zin_statuary
D:8:      erik_lair_orcish_takeover, hangedman_little_slice_of_home,
          fungi_pond_lemuel, small_statue_intersection, uniq_maurice
D:9:      serial_shops, nicolae_shop_behind_doors
D:11:     lemuel_flame_loot_2, portal_ice_cave_entry_ice_statue_01
D:12:     dragon1_lemuel, lab_entry_generic, uniq_nergalle
D:13:     hangedman_vaults_entry_quadrant_bands, uniq_snorg
D:14:     minmay_expanding_squares
Lair:1:   uniq_fannar, uniq_gastronok
Lair:2:   nicolae_volcano_entry_two_sided
Lair:3:   swamp_mist_pool
Lair:4:   minivault_27, uniq_josephine, uniq_maud
Lair:5:   guppyfry_snake_entry_island
Lab:      labyrinth_watery, nicolae_lab_lava, nicolae_lab_x
IceCv:    ice_cave_small_dragons
Volcano:  pf_volcano_lost_world

Vanquished Creatures
  Gastronok
  A minotaur Josephine Fannar
  2 hydras
  A fire dragon
  2 ice dragons
  2 centaur warriors
  3 death yaks
  The ghost of Duffy the Cleaver, a novice HOFi of Cheibriados
  4 skeletal warriors
  4 hill giants Pikel
  A griffon
  2 cyclopes
  6 elephants
  A salamander Maurice
  3 centaur zombies
  The ghost of Lugonue the Blocker, a novice MiFi of Makhleb
  2 gargoyles
  3 ice statues
  13 spiny frogs
  5 komodo dragons
  3 trolls
  A tengu conjurer Prince Ribbit
  14 blink frogs
  5 slime creatures
  3 two-headed ogres
  A centaur simulacrum
  6 wraiths
  6 wyverns Sigmund
  3 fire bats
  21 yaks
  7 hippogriffs
  A steam dragon
  2 hungry ghosts
  A naga
  3 wargs
  3 mottled dragons Duvessa
  A soldier ant
  6 water moccasins
  20 ice beasts
  8 porcupines
  A black bear
  3 orc warriors
  A sky beast
  A wasp
  27 wolves
  An eye of draining
  6 ogres
  7 centaurs
  21 crocodiles
  2 big kobolds
  15 giant frogs
  2 wyvern zombies
  A gnoll sergeant
  3 scorpions Dowan
  13 killer bees
  3 howler monkeys
  An electric eel
  12 crimson imps
  4 giant frog zombies
  8 hounds
  4 orc priests
  A gnoll shaman
  2 giant frog skeletons
  7 jellies
  14 orc wizards
  4 centaur skeletons
  7 iguanas
  11 worker ants
  23 sheep
  A killer bee zombie
  A howler monkey skeleton
  11 adders
  16 gnolls
  37 river rats
  A shadow imp
  6 oozes
  An adder zombie
  3 worms
  5 giant geckos
  37 orcs
  2 ball pythons
  3 giant cockroaches
  6 goblins
  10 hobgoblins
  19 jackals
  14 kobolds
  3 quokkas
  4 bats
  7 giant newts
  A goblin zombie
  2 jackal skeletons
  A quokka skeleton
  6 rats
  A rat zombie
  4 fungi
  18 plants
606 creatures vanquished.
